Map: Parasitenlabor LE

Players

Thyphoon - Winner!

  • Race: Terran Terran
  • League: Diamond
  • Spawn Location: 5:00

FitzFarseer

  • Race: Protoss Protoss
  • Spawn Location: 11:00

VOD

Have the link to the VOD?

Description

Time

  • Played on: Sept. 22, 2018, 5:51 p.m.
  • Length: 8:14
Show
View Real Time Build Order
Export as new Build Order

Thyphoon Terran - Winner!

Build Orders:  

Get SALT Encoding   

  12  0:00  SCV  
  13  0:13  SCV  
  14  0:17  Supply Depot  
  14  0:25  SCV  
  15  0:38  SCV  
  15  0:40  Barracks  
  16  0:44  Refinery  
  16  0:50  SCV  
  17  1:02  SCV  
  18  1:08  Refinery  
  19  1:18  SCV  
  19  1:29  Reaper  
  20  1:33  Orbital Command  
  20  1:52  Factory  
  20  2:00  SCV  
  21  2:05  Barracks Reactor  
  21  2:14  Command Center  
  21  2:17  SCV  
  22  2:26  Supply Depot  
  22  2:29  SCV  
  23  2:47  Supply Depot  
  23  2:48  Factory Tech Lab, SCV  
  23  2:55  Starport  
  23  3:01  SCV  
  23  3:03  Bunker  
  24  3:11  Siege Tank  
  27  3:20  SCV  
  27  3:22  Marine x2  
  30  3:28  SCV  
  31  3:35  SCV  
  31  3:37  Starport Reactor  
  31  3:40  Orbital Command  
  32  3:47  Siege Tank  
  35  3:50  Marine  
  35  3:51  Marine  
  35  3:54  SCV  
  37  4:07  Barracks, SCV  
  37  4:08  SCV  
  39  4:14  Marine x2  
  41  4:18  Medivac x2  
  45  4:24  SCV x2  
  50  4:31  Siege Tank, Supply Depot  
  50  4:33  Marine  
  50  4:35  Marine  
  50  4:37  SCV  
  50  4:38  SCV  
  54  4:53  Engineering Bay, SCV x2  
  54  4:54  Engineering Bay  
  54  4:55  Supply Depot  
  54  4:59  Marine x2  
  58  5:02  Barracks Tech Lab  
  58  5:05  SCV  
  58  5:06  Supply Depot  
  59  5:12  SCV  
  60  5:17  Siege Tank, SCV  
  60  5:20  Supply Depot  
  64  5:27  SCV  
  56  5:41  Marine x2  
  56  5:42  Marauder  
  37  5:59  Medivac  
  42  6:06  Marine x2  
  42  6:07  Marauder  
  44  6:24  Orbital Command  
  44  6:30  Command Center  
  39  6:33  Factory  
  37  6:44  Marine x2  
  37  7:11  SCV  
  38  7:18  Orbital Command  
  38  7:34  Marine  
  21  7:37  Marine  
  20  7:44  Factory Tech Lab  
Show
View Real Time Build Order
Export as new Build Order

FitzFarseer Protoss 

Build Orders: 1 Gate Expand, Mass Adepts 

Get SALT Encoding   

  12  0:01  Probe  
  13  0:13  Probe  
  14  0:18  Pylon  
  14  0:25  Probe  
  15  0:37  Probe  
  15  0:38  Gateway  
  16  0:49  Probe  
  17  1:01  Probe  
  17  1:02  Assimilator  
  18  1:13  Probe  
  19  1:23  Nexus  
  19  1:28  Cybernetics Core  
  19  1:31  Probe  
  20  1:38  Pylon  
  20  1:43  Probe  
  21  1:55  Warp Gate  
  21  1:56  Probe  
  22  2:05  Adept  
  22  2:08  Probe  
  25  2:20  Probe  
  25  2:22  Gateway  
  26  2:25  Gateway  
  26  2:27  Gateway  
  26  2:36  Adept  
  28  2:37  Probe  
  28  2:41  Probe  
  30  2:47  Assimilator  
  30  2:50  Probe  
  31  2:53  Probe  
  32  3:02  Probe  
  34  3:05  Probe  
  34  3:14  Probe  
  34  3:15  Adept x3  
  34  3:16  Adept  
  34  3:19  Probe  
  44  3:24  Pylon  
  44  3:30  Twilight Council  
  44  3:37  Resonating Glaives  
  44  3:55  Pylon  
  44  3:57  Adept x4  
  52  4:06  Pylon  
  52  4:14  Adept x3  
  52  4:15  Adept  
  60  4:30  Pylon  
  60  4:34  Adept x4  
  68  4:54  Adept  
  68  4:55  Pylon, Adept x3  
  68  4:59  Probe  
  77  5:00  Probe  
  78  5:10  Pylon  
  78  5:13  Probe x2  
  80  5:20  Sentry  
  82  5:25  Probe x2, Adept  
  86  5:37  Probe  
  85  5:45  Probe  
  85  5:49  Probe  
  85  5:51  Adept x3  
  91  5:57  Probe  
  91  6:00  Pylon  
  91  6:02  Pylon  
  91  6:04  Pylon  
  92  6:09  Probe x2  
  94  6:11  Assimilator  
  94  6:15  Pylon  
  94  6:16  Pylon  
  94  6:21  Pylon, Adept x4  
  94  6:23  Pylon  
  102  6:41  Adept  
  102  6:42  Adept x3  
  110  7:03  Adept x4  
  116  7:23  Adept x4  
  124  7:37  Assimilator  
  124  7:39  Stargate  
  122  7:46  Stargate  
  122  7:49  Shield Battery  
Tags
 
Composition
Mass Adepts
League
Diamond
Matchup
PvT
Spawn Locations
Cross Positions
Add a new tag
Caveats
  • Supply blocks, unpowered buildings, or Contaminate may cause inaccurate times.
  • Supply counts are checked every 10 seconds.